 Dungeon Crawl Stone Soup version 0.27-a0-1136-g0b992a5a9d (webtiles) character file.

Game seed: 12394509294747348554

4 Anon1729 the Skirmisher (level 1, -4/18 HPs)
             Began as a Formicid Berserker on May 4, 2021.
             Slain by a black bear (8 damage)
             ... created by the rage of Trog
             ... on level 1 of the Dungeon.
             The game lasted 00:00:20 (55 turns).

Anon1729 the Skirmisher (Formicid Berserker)          Turns: 55, Time: 00:00:21

Health: -4/18      AC:  2    Str: 21    XL:     1   Next: 66%
Magic:  1/1        EV: 12    Int:  6    God:
Gold:   0          SH:  0    Dex: 10    Spells: 0/0 levels left

rFire    . . .     SeeInvis +   a - +0 falchion
rCold    . . .     Faith    .   (no shield)
rNeg     . . .     Spirit   .   b - +0 animal skin
rPois    .         Reflect  .   (helmet unavailable)
rElec    .         Harm     .   (no cloak)
rCorr    .         Rampage  .   (no gloves)
Will     .....                  (no boots)
Stlth    +.........             (no amulet)
HPRegen  0.06/turn              (no ring)
MPRegen  0.07/turn              (no ring)

@: no status effects
A: permanent stasis, dig shafts and tunnels, antennae 3, four strong arms
a: Dig, Shaft Self


You were on level 1 of the Dungeon.
You visited 1 branch of the dungeon, and saw 1 of its levels.

Inventory:

Hand Weapons
 a - a +0 falchion (weapon)
Armour
 b - a +0 animal skin (worn)


   Skills:
 + Level 3.3 Fighting
 + Level 3.0 Long Blades
 + Level 2.3 Armour
 + Level 1.8 Dodging


You couldn't memorise any spells.
You didn't know any spells.
Your spell library was empty.

Dungeon Overview and Level Annotations

Branches:
Dungeon (1/15)

Altars:


Innate Abilities, Weirdness & Mutations

You cannot be hasted, slowed, berserked, paralysed or teleported.
You can dig through walls and to a lower floor.
You have a pair of large antennae on your head. (SInv)
Your four strong arms can wield two-handed weapons with a shield.


Message History

You are too injured to fight recklessly!
You are too injured to fight recklessly!
You are too injured to fight recklessly!
You are too injured to fight recklessly!
You are too injured to fight recklessly!
You barely miss the kobold. The kobold hits you with a +0 club.
The kobold closely misses you.
You riposte.
You closely miss the kobold. You hit the kobold but do no damage.
The kobold closely misses you.
You riposte.
You hit the kobold but do no damage. You hit the kobold.
The kobold is heavily wounded.
The kobold hits you but does no damage.
You hit the kobold.
You kill the kobold!
You hit the frilled lizard but do no damage.
The frilled lizard is heavily wounded.
The frilled lizard barely misses you.
You miss the frilled lizard.
The frilled lizard is heavily wounded.
The frilled lizard bites you.
* * * LOW HITPOINT WARNING * * *
You barely miss the frilled lizard.
The frilled lizard is heavily wounded.
The frilled lizard misses you.
You closely miss the frilled lizard.
The frilled lizard is heavily wounded.
The frilled lizard bites you but does no damage.
The frilled lizard bites you.
* * * LOW HITPOINT WARNING * * *
You hit the frilled lizard.
You kill the frilled lizard!
Trog sends monsters to punish you. 2 black bears come into view.
Are you sure you want to shaft yourself?
The hobgoblin closely misses you.
You begin to dig a shaft.
You continue digging a shaft.
The hobgoblin barely misses you.
You riposte.
You hit the hobgoblin.
The hobgoblin is severely wounded.
The black bear bites you!
You die...

....# #.....# #...#.#
#...#.###### #...#......#
#...#......# #.h.#......#
###### #@#......# .♣PPP♣♣
#hg[.$...+ ....♣P♣###
##+#......#
PP.....+.######...........
♣♣PP.P≈#......'..!........
###'###.######...########
#..# #.# #...# #.## #^#
#...# ##.####.# #####


You could see 2 black bears and a hobgoblin.

Vanquished Creatures
  A hobgoblin (D:1)
  A kobold (D:1)
  A frilled lizard (D:1)
  A rat (D:1)
4 creatures vanquished.

Notes
Turn   | Place    | Note
-------+----------+-------------------------------------------
     0 | D:1      | Anon1729 the Formicid Berserker began the quest for the
                  | Orb.
     0 | D:1      | Reached XP level 1. HP: 18/18 MP: 1/1
     0 | D:1      | Fell from the grace of Trog
    54 | D:1      | Noticed a black bear
    54 | D:1      | Noticed a black bear
    55 | D:1      | Slain by a black bear

Illustrated notes

Levels and vault maps discovered:
D:1:      tarquinn_simple_flora_water_f, layout_basic,
          chequers_ecumenical_altar_grove, hangedman_abyss_or_decor_lesser_grid

Action                   || total
-------------------------++-------
Melee: Falchion          ||    17
Invok: Renounce Religion ||     1
 Abil: Shaft Self        ||     1
Armor: Animal skin       ||     4
Dodge: Dodged            ||    11
       Rpst.: Falchion   ||     5

Table legend: (Time is in decaauts)
 A = Elapsed time spent in this place.
 B = Non-inter-level travel time spent in this place.
 C = Inter-level travel time spent in this place.
 D = Time resting spent in this place.
 E = Time spent auto-exploring this place.
 F = Levels seen in this place.
 G = Mean time per level.
                   A        B        C        D        E       F      G
               +--------+--------+--------+--------+--------+-----+--------+
         Total |     57 |     57 |      0 |      0 |     27 |   1 |   57.0 |
       Dungeon |     57 |     57 |      0 |      0 |     27 |   1 |   57.0 |
               +--------+--------+--------+--------+--------+-----+--------+

Top non-repeatable levels by time:
     D:1: 57 daAuts
